 Dungeon Sprint DCSS version 0.21.2 (webtiles) character file.

391 schets the Blocker (level 6, -6/56 HPs)
             Began as a Gnoll Fighter on Oct 13, 2018.
             Killed from afar by a deep elf mage (28 damage)
             ... with a bolt of lightning
             ... in the Dungeon (Sprint III: "The Ten Rune Challenge").
             The game lasted 00:02:22 (1144 turns).

schets the Blocker (Gnoll Fighter)                  Turns: 1144, Time: 00:02:23

Health: -6/56      AC:  8    Str: 20    XL:     6   Next: 80%
Magic:  13/13      EV: 11    Int: 12    God:
Gold:   18         SH: 11    Dex: 15    Spells: 14/14 levels left

rFire    . . .     SeeInvis .   a - +0 war axe
rCold    . . .     Gourm    .   c - +0 shield
rNeg     . . .     Faith    .   b - +0 scale mail
rPois    .         Spirit   .   (no helmet)
rElec    .         Reflect  .   (no cloak)
rCorr    .         Harm     .   (no gloves)
MR       .....     NoTele   +   (no boots)
Stlth    ++........             (no amulet)
HPRegen  0.18/turn              (no ring)
MPRegen  0.13/turn              (no ring)

@: no status effects
A: distributed training, fangs 1, blink, strong 1, strong nose
a: Blink


You were in the Dungeon.
You were not hungry.

You visited 1 branch You collected 18 gold pieces.

Inventory:

Hand Weapons
 a - a +0 war axe (weapon)
Armour
 b - a +0 scale mail (worn)
 c - a +0 shield (worn)
Scrolls
 k - a scroll of blinking
 l - 4 scrolls of remove curse
 n - a scroll of torment {unknown}
 o - a scroll of magic mapping {unknown}
 q - a scroll of immolation {unknown}
 r - a scroll of identify {unknown}
Potions
 d - 2 potions of might
 e - a potion of curing
 g - a potion of heal wounds
 h - a potion of haste
 i - 2 potions of magic
 m - a potion of mutation
 p - 3 potions of flight
Books
 t - a book of Misfortune

   Spells                             Type                      Level
   a - Confusing Touch                Hexes                        1
   b - Confuse                        Hexes                        3
   c - Gell's Gravitas                Translocation                3
   d - Petrify                        Transmutation/Earth          4
   e - Metabolic Englaciation         Hexes/Ice                    5
   f - Yara's Violent Unravelling     Hexes/Transmutation          5
Comestibles
 f - 2 rations
 s - 5 chunks of flesh


   Skills:
 + Level 8.2 Fighting
 + Level 4.8 Short Blades
 + Level 4.8 Long Blades
 + Level 6.7 Axes
 + Level 4.8 Maces & Flails
 + Level 4.8 Polearms
 + Level 4.8 Staves
 + Level 4.8 Slings
 + Level 4.8 Bows
 + Level 4.8 Crossbows
 + Level 4.8 Throwing
 + Level 8.2 Armour
 + Level 4.8 Dodging
 + Level 4.8 Stealth
 + Level 8.2 Shields
 + Level 4.8 Unarmed Combat
 + Level 4.8 Spellcasting
 + Level 4.0 Conjurations
 + Level 4.0 Hexes
 + Level 4.0 Charms
 + Level 4.0 Summonings
 + Level 4.0 Necromancy
 + Level 4.0 Translocations
 + Level 4.0 Transmutations
 + Level 4.0 Fire Magic
 + Level 4.0 Ice Magic
 + Level 4.0 Air Magic
 + Level 4.0 Earth Magic
 + Level 4.0 Poison Magic
 + Level 5.3 Invocations
 + Level 4.8 Evocations


You had 14 spell levels left.
You didn't know any spells.

Dungeon Overview and Level Annotations

Branches:
Dungeon (1/1)

Altars:
Elyvilon
Kikubaaqudgha
Okawaru
Sif Muna
Trog
Uskayaw
Vehumet
Wu Jian
Zin
The Shining One
Beogh


Innate Abilities, Weirdness & Mutations

Your experience applies equally to all skills.
You have very sharp teeth.
Your uncanny sense of smell can sniff out nearby items.
You can translocate small distances at will.
Your muscles are strong. (Str +2)


Message History

The deep elf mage is moderately wounded.
The deep elf mage hits you but does no damage.
You closely miss the deep elf mage.
The deep elf mage is moderately wounded.
The deep elf mage hits you with a long sword of holy wrath.
You slash the deep elf mage!
The deep elf mage is heavily wounded.
You block the deep elf mage's attack.
You miss the deep elf mage.
The deep elf mage is heavily wounded.
The deep elf mage drinks a potion.
The deep elf mage is healed!
You closely miss the deep elf mage.
The deep elf mage is moderately wounded.
The deep elf mage misses you.
You slice the deep elf mage!! Your bite misses the deep elf mage.
The deep elf mage is severely wounded.
The deep elf mage gestures at you while chanting.
The bolt of lightning hits you!
Ouch! That really hurt!
You die...

▓▓▓▓▓ ▓▓▓ ..♣.♣
♣.######### ∆ ...♣
♣♣.#___#___# ∆ ∆ ...♣♣♣
♣..#...#__.#∆ ∆ ...≈.♣
♣..###'#'###+## ..≈≈♣♣
♣♣.#....e@....#∆∆
.≈≈≈≈♣♣♣..'.⌠........#∆∆∆
.≈≈≈≈≈≈♣♣.#...######+# ∆∆
≈≈≈≈≈≈....#.⌠.#
≈≈≈≈≈.....#...#∆
≈≈≈.......#)###
..........#..:# ∆
..........#___#
▓▓▓▓▓▓▓▓▓▓▓▓▓▓▓


You could see a deep elf mage.

Vanquished Creatures
  A scorpion (D)
  A wizard (D)
  A kobold demonologist (D)
  3 humans (D)
  An ooze (D)
  3 rats (D)
10 creatures vanquished.

Vanquished Creatures (others)
  2 draconian scorchers (D)
  6 hellions (D)
  3 yaktaurs (D)
  3 plants (D)
14 creatures vanquished.

Grand Total: 24 creatures vanquished

Notes
Turn   | Place    | Note
-------+----------+-------------------------------------------
     0 | D        | schets the Gnoll Fighter began the quest for the Orb.
     0 | D        | Reached XP level 1. HP: 23/23 MP: 1/1
     3 | D        | Reached skill level 1 in Invocations
     4 | D        | Reached skill level 1 in Short Blades
     4 | D        | Reached skill level 1 in Long Blades
     4 | D        | Reached skill level 1 in Maces & Flails
     4 | D        | Reached skill level 1 in Polearms
     4 | D        | Reached skill level 1 in Staves
     4 | D        | Reached skill level 1 in Slings
     4 | D        | Reached skill level 1 in Bows
     4 | D        | Reached skill level 1 in Crossbows
     4 | D        | Reached skill level 1 in Throwing
     4 | D        | Reached skill level 1 in Dodging
     4 | D        | Reached skill level 1 in Stealth
     4 | D        | Reached skill level 1 in Unarmed Combat
     4 | D        | Reached skill level 1 in Spellcasting
     4 | D        | Reached skill level 1 in Evocations
    58 | D        | Reached XP level 2. HP: 24/29 MP: 3/3
    82 | D        | Killed a hellion
    84 | D        | Killed a hellion
    96 | D        | Killed a hellion
   117 | D        | Killed a hellion
   122 | D        | Killed a white draconian scorcher
   132 | D        | Reached skill level 1 in Conjurations
   132 | D        | Reached skill level 1 in Hexes
   132 | D        | Reached skill level 1 in Charms
   132 | D        | Reached skill level 1 in Summonings
   132 | D        | Reached skill level 1 in Necromancy
   132 | D        | Reached skill level 1 in Translocations
   132 | D        | Reached skill level 1 in Transmutations
   132 | D        | Reached skill level 1 in Fire Magic
   132 | D        | Reached skill level 1 in Ice Magic
   132 | D        | Reached skill level 1 in Air Magic
   132 | D        | Reached skill level 1 in Earth Magic
   132 | D        | Reached skill level 1 in Poison Magic
   132 | D        | Reached XP level 3. HP: 20/35 MP: 3/5
   141 | D        | Killed a hellion
   141 | D        | Killed a hellion
   164 | D        | Killed a white draconian scorcher
   265 | D        | Noticed a scorpion
   275 | D        | Killed a scorpion
   275 | D        | Reached skill level 5 in Axes
   275 | D        | Reached XP level 4. HP: 24/43 MP: 5/7
   335 | D        | Killed a yaktaur
   467 | D        | Gained mutation: You are frail. (-10% HP) [potion of mutation]
   467 | D        | Gained mutation: You are resistant to hostile enchantments. (MR+) [potion of mutation]
   467 | D        | Gained mutation: Your flesh is cold resistant. (rC+) [potion of mutation]
   468 | D        | Lost mutation: You are frail. (-10% HP) [potion of mutation]
   468 | D        | Lost mutation: You are resistant to hostile enchantments. (MR+) [potion of mutation]
   468 | D        | Gained mutation: You evolve. [potion of mutation]
   502 | D        | Lost mutation: Your flesh is cold resistant. (rC+) [potion of mutation]
   502 | D        | Lost mutation: You evolve. [potion of mutation]
   502 | D        | Gained mutation: Scrolls take you a little longer to read. [potion of mutation]
   502 | D        | Lost mutation: Scrolls take you a little longer to read. [potion of mutation]
   502 | D        | Gained mutation: Your body sometimes deteriorates upon taking damage. [potion of mutation]
   502 | D        | Gained mutation: You have a somewhat thin skeletal structure. (Dex +2, Stealth) [potion of mutation]
   503 | D        | Lost mutation: You have a somewhat thin skeletal structure. (Dex +2, Stealth) [potion of mutation]
   503 | D        | Lost mutation: Your body sometimes deteriorates upon taking damage. [potion of mutation]
   503 | D        | Gained mutation: Your muscles are strong. (Str +2) [potion of mutation]
   503 | D        | Gained mutation: You can translocate small distances at will. [potion of mutation]
   516 | D        | Noticed a water elemental
   886 | D        | Killed a yaktaur
   963 | D        | Found a radiant altar of Vehumet.
   963 | D        | Found a deep blue altar of Sif Muna.
   963 | D        | Found an ancient bone altar of Kikubaaqudgha.
   963 | D        | Noticed a wizard
   964 | D        | Killed a wizard
   969 | D        | Reached XP level 5. HP: 47/48 MP: 7/9
   992 | D        | Found a hide-covered altar of Uskayaw.
   992 | D        | Found a roughly hewn altar of Beogh.
   992 | D        | Found an iron altar of Okawaru.
   992 | D        | Found a bloodstained altar of Trog.
   992 | D        | Found an ornate altar of the Wu Jian Council.
   992 | D        | Noticed a human
   993 | D        | Noticed a human
   997 | D        | Killed a human
   997 | D        | Reached XP level 6. HP: 56/56 MP: 9/12
  1005 | D        | Killed a human
  1005 | D        | Reached skill level 5 in Invocations
  1105 | D        | Killed a yaktaur
  1129 | D        | Found a glowing silver altar of Zin.
  1129 | D        | Found a glowing golden altar of the Shining One.
  1129 | D        | Found a white marble altar of Elyvilon.
  1130 | D        | Noticed a deep elf mage
  1144 | D        | Killed from afar by a deep elf mage

Skill      XL: |  1  2  3  4  5  6 |
---------------+-------------------+-----
Invocations    | 1 2 3 4 5 |  5.3
Short Blades   | 1 2 3 4 |  4.8
Long Blades    | 1 2 3 4 |  4.8
Maces & Flails | 1 2 3 4 |  4.8
Polearms       | 1 2 3 4 |  4.8
Staves         | 1 2 3 4 |  4.8
Slings         | 1 2 3 4 |  4.8
Bows           | 1 2 3 4 |  4.8
Crossbows      | 1 2 3 4 |  4.8
Throwing       | 1 2 3 4 |  4.8
Dodging        | 1 2 3 4 |  4.8
Stealth        | 1 2 3 4 |  4.8
Unarmed Combat | 1 2 3 4 |  4.8
Spellcasting   | 1 2 3 4 |  4.8
Evocations     | 1 2 3 4 |  4.8
Conjurations   | 1 2 3 4 |  4.0
Hexes          | 1 2 3 4 |  4.0
Charms         | 1 2 3 4 |  4.0
Summonings     | 1 2 3 4 |  4.0
Necromancy     | 1 2 3 4 |  4.0
Translocations | 1 2 3 4 |  4.0
Transmutations | 1 2 3 4 |  4.0
Fire Magic     | 1 2 3 4 |  4.0
Ice Magic      | 1 2 3 4 |  4.0
Air Magic      | 1 2 3 4 |  4.0
Earth Magic    | 1 2 3 4 |  4.0
Poison Magic   | 1 2 3 4 |  4.0
Fighting       | 7 8 |  8.2
Axes           | 5 6 |  6.7
Armour         | 7 8 |  8.2
Shields        | 7 8 |  8.2

Action                   |  1- 3 |  4- 6 || total
-------------------------+-------+-------++-------
Melee: War axe           |    24 |    24 ||    48
       Bite              |     3 |     1 ||     4
 Abil: Blink             |       |    12 ||    12
  Use: Potion            |       |     5 ||     5
  Eat: Ration            |       |     1 ||     1
Armor: Scale mail        |     6 |     2 ||     8
Dodge: Dodged            |     4 |     5 ||     9
Block: Shield            |    10 |    16 ||    26
